| TOP OF THE 1ST |
|
Princeton Rays batting - Pitching for Texas (APP) Rangers : RHP Tony Gutierrez
|
|
Pitching: RHP Tony Gutierrez
|
|
|
Batting: RHB Luis Jara
|
0-0: Ball 1-0: Fly out, F6 (Popup, 4MS, EV 87.5 MPH)
|
|
Batting: RHB Ben Saxton
|
0-0: DOUBLE (Line Drive, 9LM, EV 104.4 MPH)
|
|
Batting: LHB Dave Northam
|
0-0: Called Strike 0-1: Ball 1-1: Called Strike 1-2: Ball 2-2: Strikes out swinging
|
|
Batting: SHB Omar Cervantes
|
0-0: Foul Ball, location: 2F 0-1: Ball 1-1: Foul Ball, location: 2F 1-2: Foul Ball, location: 2F 1-2: SINGLE (Groundball, 4MD, EV 97.5 MPH) Ben Saxton to third
|
|
Batting: LHB Ian Cranton
|
0-0: Ground out 4-3 (Groundball, 34S, EV 84.4 MPH)
|
| Top of the 1st over - 0 runs, 2 hits, 0 errors, 2 left on base; Princeton 0 - Texas (APP) 0 |
| BOTTOM OF THE 1ST |
|
Texas (APP) Rangers batting - Pitching for Princeton Rays : LHP Alex Pritchard
|
|
Pitching: LHP Alex Pritchard
|
|
|
Batting: SHB Tim Rogers
|
0-0: Ball 1-0: Swinging Strike 1-1: Swinging Strike 1-2: Strikes out swinging
|
|
Batting: RHB Robert Topete
|
0-0: Foul Ball, location: 2F 0-1: Ball 1-1: Ball 2-1: Ball 3-1: Base on Balls
|
|
Batting: RHB Jerry Foster
|
0-0: Ball 1-0: Ball 2-0: Called Strike 2-1: Ball 3-1: Foul Ball, location: 2F 3-2: SINGLE (Line Drive, 8LS, EV 106.2 MPH) Robert Topete to second
|
|
Batting: RHB Ron Squires
|
0-0: Foul Ball, location: 2F 0-1: Reached on error, E3 (Groundball, 3, EV 94.4 MPH) Robert Topete to third Jerry Foster to second
|
|
Batting: RHB Ryan Salas
|
0-0: Ball 1-0: Called Strike 1-1: Foul Ball, location: 2F 1-2: DOUBLE (Line Drive, 9LS, EV 95.6 MPH) Robert Topete scores Jerry Foster scores Ron Squires to third Runner from 3rd tries for Home, SAFE, throw by RF to trailing runner, SAFE at third!
|
|
Batting: LHB Tony Gutierrez
|
0-0: Called Strike 0-1: Ball 1-1: Called Strike 1-2: Foul Ball, location: 2F 1-2: Ball 2-2: Foul Ball, location: 2F 2-2: Ball 3-2: Base on Balls
|
|
Batting: RHB Josh Shoemaker
|
0-0: Ball 1-0: Foul Ball, location: 2F 1-1: Ball Passed Ball! Ryan Salas scores Tony Gutierrez to second 2-1: Foul Ball, location: 2F 2-2: Ball 3-2: Base on Balls
|
|
Batting: RHB Torsten Fisher
|
0-0: Ball 1-0: Fielders Choice at 2nd, 2-4 (Groundball, 15S, EV 75.6 MPH) Tony Gutierrez to third
|
|
Batting: RHB Pat Martin
|
0-0: Ball 1-0: Fly out, F4 (Popup, 34, EV 65.6 MPH)
|
| Bottom of the 1st over - 4 runs, 2 hits, 1 error, 2 left on base; Princeton 0 - Texas (APP) 4 |
| TOP OF THE 2ND |
|
Princeton Rays batting - Pitching for Texas (APP) Rangers : RHP Tony Gutierrez
|
|
Batting: RHB Willie Acevedo
|
0-0: Ball 1-0: Ball 2-0: Called Strike 2-1: Ground out 5-3 (Groundball, 56S, EV 88.1 MPH)
|
|
Batting: LHB Matt Pena
|
0-0: Called Strike 0-1: Foul Ball, location: 2F 0-2: Ball 1-2: Ball 2-2: Foul Ball, location: 2F 2-2: Strikes out looking
|
|
Batting: RHB Cody Gebo
|
0-0: Ball 1-0: Fly out, F7 (Line Drive, 7S, EV 100.0 MPH)
|
| Top of the 2nd over - 0 runs, 0 hits, 0 errors, 0 left on base; Princeton 0 - Texas (APP) 4 |
| BOTTOM OF THE 2ND |
|
Texas (APP) Rangers batting - Pitching for Princeton Rays : LHP Alex Pritchard
|
|
Batting: SHB Tim Rogers
|
0-0: Called Strike 0-1: SINGLE (Groundball, 6M, EV 105.6 MPH) (infield hit)
|
|
Batting: RHB Robert Topete
|
0-0: Called Strike Tim Rogers is caught stealing 2nd base 2-4 0-1: Ball 1-1: Swinging Strike 1-2: Ground out 6-3 (Groundball, 6, EV 100.0 MPH)
|
|
Batting: RHB Jerry Foster
|
0-0: Ball 1-0: Ball 2-0: Called Strike 2-1: Foul Ball, location: 2F 2-2: Foul Ball, location: 2F 2-2: SINGLE (Groundball, 6MD, EV 101.2 MPH)
|
|
Batting: RHB Ron Squires
|
0-0: Ball 1-0: SINGLE (Line Drive, 4D, EV 101.9 MPH) Jerry Foster to second
|
|
Batting: RHB Ryan Salas
|
0-0: SINGLE (Line Drive, 9S, EV 96.9 MPH) Jerry Foster to third Ron Squires to second Runner from 3rd tries for Home, SAFE, throw by RF to home
|
|
Batting: LHB Tony Gutierrez
|
0-0: Called Strike 0-1: Ball 1-1: Foul Ball, location: 2F 1-2: Fly out, F7 (Flyball, 78S, EV 88.1 MPH)
|
| Bottom of the 2nd over - 1 run, 4 hits, 0 errors, 2 left on base; Princeton 0 - Texas (APP) 5 |
| TOP OF THE 3RD |
|
Princeton Rays batting - Pitching for Texas (APP) Rangers : RHP Tony Gutierrez
|
|
Batting: RHB Gilbert Hoareau
|
0-0: Foul Ball, location: 2F 0-1: Foul Ball, location: 2F 0-2: Ball 1-2: Strikes out swinging
|
|
Batting: RHB Luis Jara
|
0-0: Foul Ball, location: 2F 0-1: Ball 1-1: SINGLE (Groundball, 56S, EV 65.6 MPH) (infield hit)
|
|
Batting: RHB Ben Saxton
|
0-0: Called Strike Luis Jara steals 2nd base (no throw) 0-1: Called Strike 0-2: Ground out U3 (Groundball, 34, EV 88.1 MPH) Luis Jara to third
|
|
Batting: LHB Dave Northam
|
0-0: Swinging Strike 0-1: 2-RUN HOME RUN (Flyball, 9LD, EV 94.4 MPH), Distance : 357 ft
|
|
Batting: SHB Omar Cervantes
|
0-0: Swinging Strike 0-1: SINGLE (Line Drive, 8LS, EV 97.5 MPH)
|
|
Batting: LHB Ian Cranton
|
0-0: Swinging Strike 0-1: Foul Ball, location: 2F 0-2: Strikes out swinging
|
| Top of the 3rd over - 2 runs, 3 hits, 0 errors, 1 left on base; Princeton 2 - Texas (APP) 5 |
| BOTTOM OF THE 3RD |
|
Texas (APP) Rangers batting - Pitching for Princeton Rays : LHP Alex Pritchard
|
|
Pitching: RHP Michito Higashi
|
|
|
Batting: RHB Josh Shoemaker
|
0-0: Ball 1-0: Ball 2-0: Swinging Strike 2-1: Ball 3-1: Called Strike 3-2: Fly out, F6 (Popup, 6M, EV 56.2 MPH)
|
|
Batting: RHB Torsten Fisher
|
0-0: Ball 1-0: Ball 2-0: Swinging Strike 2-1: Ball 3-1: Base on Balls
|
|
Batting: RHB Pat Martin
|
0-0: Called Strike 0-1: Called Strike 0-2: Ball 1-2: Strikes out swinging
|
|
Batting: SHB Tim Rogers
|
0-0: Called Strike 0-1: Ball 1-1: SINGLE (Groundball, 6M, EV 103.8 MPH) (infield hit) Torsten Fisher to second
|
|
Batting: RHB Robert Topete
|
0-0: Called Strike 0-1: Called Strike 0-2: Strikes out swinging
|
| Bottom of the 3rd over - 0 runs, 1 hit, 0 errors, 2 left on base; Princeton 2 - Texas (APP) 5 |
| TOP OF THE 4TH |
|
Princeton Rays batting - Pitching for Texas (APP) Rangers : RHP Tony Gutierrez
|
|
Batting: RHB Willie Acevedo
|
0-0: Ball 1-0: Ball 2-0: Ground out 6-3 (Groundball, 6, EV 78.8 MPH)
|
|
Batting: LHB Matt Pena
|
0-0: Foul Ball, location: 2F 0-1: Ball 1-1: Ball 2-1: Foul Ball, location: 2F 2-2: Foul Ball, location: 2F 2-2: Ball 3-2: Foul Ball, location: 2F 3-2: Strikes out swinging
|
|
Batting: RHB Cody Gebo
|
0-0: Ball 1-0: SINGLE (Groundball, 4MD, EV 98.8 MPH)
|
|
Batting: RHB Gilbert Hoareau
|
0-0: Ball 1-0: Foul Ball, location: 2F 1-1: Ball Cody Gebo steals 2nd base 2-1: Ground out 4-3 (Groundball, 4, EV 90.0 MPH)
|
| Top of the 4th over - 0 runs, 1 hit, 0 errors, 1 left on base; Princeton 2 - Texas (APP) 5 |
| BOTTOM OF THE 4TH |
|
Texas (APP) Rangers batting - Pitching for Princeton Rays : RHP Michito Higashi
|
|
Batting: RHB Jerry Foster
|
0-0: Ball 1-0: Foul Ball, location: 2F 1-1: Ball 2-1: TRIPLE (Flyball, 9D, EV 101.9 MPH)
|
|
Batting: RHB Ron Squires
|
0-0: Reached on error, E4 (Groundball, 4, EV 86.9 MPH) Jerry Foster scores
|
|
Batting: RHB Ryan Salas
|
0-0: Called Strike 0-1: Called Strike Ron Squires steals 2nd base 0-2: Foul Ball, location: 2F 0-2: Foul Ball, location: 2F 0-2: Foul Ball, location: 2F 0-2: Ball 1-2: Ground out 3-1 (Groundball, 34S, EV 83.8 MPH) Ron Squires to third
|
|
Batting: LHB Tony Gutierrez
|
0-0: Swinging Strike 0-1: Foul Ball, location: 2F 0-2: Strikes out swinging
|
|
Pitching: RHP J.P. Taylor
|
|
|
Batting: RHB Josh Shoemaker
|
0-0: Ball 1-0: Ball 2-0: Called Strike 2-1: Foul Ball, location: 2F 2-2: Foul Ball, location: 2F 2-2: Ball 3-2: Base on Balls
|
|
Batting: RHB Torsten Fisher
|
0-0: Ball 1-0: Called Strike 1-1: Ground out 5-3 (Groundball, 5S, EV 63.8 MPH)
|
| Bottom of the 4th over - 1 run, 1 hit, 1 error, 2 left on base; Princeton 2 - Texas (APP) 6 |
| TOP OF THE 5TH |
|
Princeton Rays batting - Pitching for Texas (APP) Rangers : RHP Tony Gutierrez
|
|
Batting: RHB Luis Jara
|
0-0: Ball 1-0: SINGLE (Flyball, 8RS, EV 86.9 MPH)
|
|
Batting: RHB Ben Saxton
|
0-0: Called Strike Luis Jara is caught stealing 2nd base 2-4 0-1: Ball 1-1: Swinging Strike 1-2: SINGLE (Groundball, 6MD, EV 98.1 MPH)
|
|
Batting: LHB Dave Northam
|
0-0: Called Strike 0-1: Foul Ball, location: 2F 0-2: Ball 1-2: Grounds out, U3 (Groundball, 3L, EV 82.5 MPH)
|
|
Batting: SHB Omar Cervantes
|
0-0: Ball 1-0: Foul Ball, location: 2F 1-1: Swinging Strike 1-2: Foul Ball, location: 2F 1-2: Foul Ball, location: 2F 1-2: Foul Ball, location: 2F 1-2: Foul Ball, location: 2F 1-2: Ball 2-2: Ball 3-2: 2-RUN HOME RUN (Flyball, 7LD, EV 92.5 MPH), Distance : 336 ft
|
|
Pitching: RHP Jorge Burruel
|
|
|
Batting: LHB Ian Cranton
|
0-0: Ball 1-0: Foul Ball, location: 2F 1-1: Foul Ball, location: 2F 1-2: Ground out 5-3 (Groundball, 56S, EV 64.4 MPH)
|
| Top of the 5th over - 2 runs, 3 hits, 0 errors, 0 left on base; Princeton 4 - Texas (APP) 6 |
| BOTTOM OF THE 5TH |
|
Texas (APP) Rangers batting - Pitching for Princeton Rays : RHP J.P. Taylor
|
|
Batting: RHB Pat Martin
|
0-0: Ball 1-0: Foul Ball, location: 2F 1-1: Ball 2-1: Fly out, F8 (Flyball, 8RM, EV 94.4 MPH)
|
|
Batting: SHB Tim Rogers
|
0-0: Ground out 4-3 (Groundball, 4, EV 82.5 MPH)
|
|
Batting: RHB Robert Topete
|
0-0: SOLO HOME RUN (Flyball, 78XD, EV 103.1 MPH), Distance : 420 ft
|
|
Batting: RHB Jerry Foster
|
0-0: Ball 1-0: Foul Ball, location: 2F 1-1: Called Strike 1-2: DOUBLE (Line Drive, 89D, EV 105.0 MPH)
|
|
Batting: RHB Ron Squires
|
0-0: Ground out 6-3 (Groundball, 6, EV 100.0 MPH)
|
| Bottom of the 5th over - 1 run, 2 hits, 0 errors, 1 left on base; Princeton 4 - Texas (APP) 7 |
| TOP OF THE 6TH |
|
Princeton Rays batting - Pitching for Texas (APP) Rangers : RHP Jorge Burruel
|
|
Pinch Hitting: SHB Dan Trainer
|
0-0: Ball 1-0: Called Strike 1-1: Foul Ball, location: 2F 1-2: Ball 2-2: Ball 3-2: Ground out 5-3 (Groundball, 56S, EV 80.0 MPH)
|
|
Batting: LHB Matt Pena
|
0-0: Ball 1-0: Foul Ball, location: 2F 1-1: Ball 2-1: Ball 3-1: Ground out 4-3 (Groundball, 4S, EV 92.5 MPH)
|
|
Pinch Hitting: RHB Toshikatsu Omori
|
0-0: Ball 1-0: Ball 2-0: Called Strike 2-1: SINGLE (Groundball, 4M, EV 103.8 MPH) (infield hit)
|
|
Batting: RHB Gilbert Hoareau
|
0-0: Called Strike 0-1: Foul Ball, location: 2F 0-2: Strikes out swinging
|
| Top of the 6th over - 0 runs, 1 hit, 0 errors, 1 left on base; Princeton 4 - Texas (APP) 7 |
| BOTTOM OF THE 6TH |
|
Texas (APP) Rangers batting - Pitching for Princeton Rays : RHP J.P. Taylor
|
|
Now at 1B: Toshikatsu Omori
|
|
|
Now at 2B: Dave Northam
|
|
|
Now in LF: Jeff Standridge
|
|
|
Batting: RHB Ryan Salas
|
0-0: Ball 1-0: Ball 2-0: Ball 3-0: Called Strike 3-1: Called Strike 3-2: Foul Ball, location: 2F 3-2: Base on Balls
|
|
Pitching: RHP Josh Carey
|
|
|
Batting: LHB Tony Gutierrez
|
0-0: Sac Bunt to 56S - play at first, batter OUT! 1-3 Ryan Salas to second
|
|
Batting: RHB Josh Shoemaker
|
0-0: Intentional Walk
|
|
Batting: RHB Torsten Fisher
|
0-0: Swinging Strike 0-1: Called Strike 0-2: Strikes out swinging
|
|
Batting: RHB Pat Martin
|
0-0: Called Strike 0-1: Ball 1-1: Called Strike 1-2: Foul Ball, location: 2F 1-2: Ball 2-2: Ball 3-2: Ground out 4-3 (Groundball, 4, EV 76.9 MPH)
|
| Bottom of the 6th over - 0 runs, 0 hits, 0 errors, 2 left on base; Princeton 4 - Texas (APP) 7 |
| TOP OF THE 7TH |
|
Princeton Rays batting - Pitching for Texas (APP) Rangers : RHP Jorge Burruel
|
|
Batting: RHB Luis Jara
|
0-0: Fly out, F9 (Flyball, 9S, EV 78.8 MPH)
|
|
Batting: RHB Ben Saxton
|
0-0: Ball 1-0: Ball 2-0: Called Strike 2-1: SINGLE (Line Drive, 34D, EV 95.6 MPH)
|
|
Batting: LHB Dave Northam
|
Balk! Ben Saxton to second
|
|
DELAY
|
Rain delay of 85 minutes in the 7th inning.
|
|
Pitching: LHP Matt Hawk
|
0-0: Ball 1-0: Ball 2-0: Ball 3-0: Base on Balls
|
|
Batting: SHB Omar Cervantes
|
0-0: Swinging Strike 0-1: Foul Ball, location: 2F 0-2: Foul Ball, location: 2F 0-2: Strikes out swinging
|
|
Batting: LHB Ian Cranton
|
0-0: Ball 1-0: Ball 2-0: Ball 3-0: Called Strike 3-1: Called Strike 3-2: Foul Ball, location: 2F 3-2: Ground out 5-3 (Groundball, 56, EV 85.0 MPH)
|
| Top of the 7th over - 0 runs, 1 hit, 0 errors, 2 left on base; Princeton 4 - Texas (APP) 7 |
| BOTTOM OF THE 7TH |
|
Texas (APP) Rangers batting - Pitching for Princeton Rays : RHP Josh Carey
|
|
Batting: SHB Tim Rogers
|
0-0: Ball 1-0: Ball 2-0: Ball 3-0: Base on Balls
|
|
Pitching: RHP Jose Arredondo
|
|
|
Batting: RHB Robert Topete
|
0-0: 2-RUN HOME RUN (Flyball, 7LD, EV 91.9 MPH), Distance : 353 ft
|
|
Batting: RHB Jerry Foster
|
0-0: Ground out 5-3 (Groundball, 56, EV 83.8 MPH)
|
|
Batting: RHB Ron Squires
|
0-0: Ball 1-0: Swinging Strike 1-1: Called Strike 1-2: SINGLE (Line Drive, 78S, EV 105.0 MPH)
|
|
Batting: RHB Ryan Salas
|
0-0: Foul Ball, location: 2F 0-1: Ball Ron Squires steals 2nd base (no throw) 1-1: Swinging Strike 1-2: Foul Ball, location: 2F 1-2: Foul Ball, location: 2F 1-2: Ground out 4-3 (Groundball, 4, EV 108.8 MPH) Ron Squires to third
|
|
Batting: LHB Tony Gutierrez
|
0-0: Ball 1-0: Ground out 6-3 (Groundball, 6MS, EV 80.0 MPH)
|
| Bottom of the 7th over - 2 runs, 2 hits, 0 errors, 1 left on base; Princeton 4 - Texas (APP) 9 |
| TOP OF THE 8TH |
|
Princeton Rays batting - Pitching for Texas (APP) Rangers : LHP Matt Hawk
|
|
Pinch Hitting: RHB Gabe Wilcoxon
|
0-0: Foul Ball, location: 2F 0-1: Ball 1-1: Swinging Strike 1-2: Foul Ball, location: 2F 1-2: Strikes out swinging
|
|
Pinch Hitting: RHB Joel Wittmier
|
0-0: Ball 1-0: Ball 2-0: Ball 3-0: Base on Balls
|
|
Pitching: RHP Marty Nelson
|
|
|
Batting: RHB Toshikatsu Omori
|
0-0: SINGLE (Groundball, 4MD, EV 96.2 MPH) Joel Wittmier to second
|
|
Batting: RHB Gilbert Hoareau
|
0-0: Ball 1-0: Foul Ball, location: 2F 1-1: SINGLE (Groundball, 34D, EV 97.5 MPH) Joel Wittmier to third Toshikatsu Omori to second Runner from 3rd tries for Home, SAFE, throw by RF to home
|
|
Batting: RHB Luis Jara
|
0-0: Fielders Choice at 2nd, 4-6 (Groundball, 4M, EV 106.2 MPH) Toshikatsu Omori to third
|
|
Batting: RHB Ben Saxton
|
0-0: Foul Ball, location: 2F 0-1: Ball 1-1: Ball 2-1: Ball 3-1: SINGLE (Groundball, 6MD, EV 99.4 MPH) Toshikatsu Omori scores Luis Jara to second Runner from 2nd tries for 3rd, OUT! 8-5
|
| Top of the 8th over - 2 runs, 3 hits, 0 errors, 1 left on base; Princeton 6 - Texas (APP) 9 |
| BOTTOM OF THE 8TH |
|
Texas (APP) Rangers batting - Pitching for Princeton Rays : RHP Jose Arredondo
|
|
Now in LF: Carlos Ruelas
|
|
|
Now in RF: Gabe Wilcoxon
|
|
|
Batting: RHB Josh Shoemaker
|
0-0: Ball 1-0: Ball 2-0: Swinging Strike 2-1: Ball 3-1: SINGLE (Groundball, 56D, EV 95.0 MPH)
|
|
Batting: RHB Torsten Fisher
|
0-0: Sac Bunt to 15S - play at second, runner OUT! 1-6
|
|
Batting: RHB Pat Martin
|
0-0: Ball 1-0: Ball 2-0: SINGLE (Line Drive, 4D, EV 95.0 MPH) Torsten Fisher to second Runner from 2nd tries for 3rd, SAFE, throw by RF made to third
|
|
Batting: SHB Tim Rogers
|
0-0: SINGLE (Line Drive, 56D, EV 98.1 MPH) Torsten Fisher scores Pat Martin to second
|
|
Batting: RHB Robert Topete
|
0-0: Ball 1-0: Ball 2-0: Ball 3-0: Swinging Strike 3-1: Base on Balls Pat Martin to third Tim Rogers to second
|
|
Batting: RHB Jerry Foster
|
0-0: Grounds into fielders choice 6-2 (Groundball, 6S, EV 72.5 MPH) Tim Rogers to third Robert Topete to second
|
|
Batting: RHB Ron Squires
|
0-0: Ball Wild Pitch! Tim Rogers scores Robert Topete to third Jerry Foster to second 1-0: Ball 2-0: Ball 3-0: Base on Balls
|
|
Batting: RHB Ryan Salas
|
0-0: Ball 1-0: Ball 2-0: Ball 3-0: Called Strike 3-1: Swinging Strike 3-2: Foul Ball, location: 2F 3-2: Base on Balls Robert Topete scores Jerry Foster to third Ron Squires to second
|
|
Pitching: RHP Vince Martinez
|
|
|
Batting: LHB Tony Gutierrez
|
0-0: Ball Passed Ball! Jerry Foster scores Ron Squires to third Ryan Salas to second 1-0: Foul Ball, location: 2F 1-1: Swinging Strike 1-2: Strikes out swinging
|
| Bottom of the 8th over - 4 runs, 3 hits, 0 errors, 2 left on base; Princeton 6 - Texas (APP) 13 |
| TOP OF THE 9TH |
|
Princeton Rays batting - Pitching for Texas (APP) Rangers : RHP Marty Nelson
|
|
Batting: LHB Dave Northam
|
0-0: Called Strike 0-1: Foul Ball, location: 2F 0-2: Ball 1-2: Ball 2-2: Foul Ball, location: 2F 2-2: Foul Ball, location: 2F 2-2: Ground out 4-3 (Groundball, 4, EV 105.0 MPH)
|
|
Batting: SHB Omar Cervantes
|
0-0: Called Strike 0-1: Ball 1-1: Ground out 4-3 (Groundball, 4, EV 90.6 MPH)
|
|
Batting: LHB Ian Cranton
|
0-0: Called Strike 0-1: SINGLE (Groundball, 6D, EV 95.6 MPH)
|
|
Batting: RHB Gabe Wilcoxon
|
0-0: Called Strike 0-1: DOUBLE (Line Drive, 7LS, EV 93.8 MPH) Ian Cranton to third
|
|
Pinch Hitting: LHB Jonathan Watt
|
0-0: Called Strike 0-1: Called Strike 0-2: Foul Ball, location: 2F 0-2: Foul Ball, location: 2F 0-2: Ball 1-2: Strikes out swinging
|
| Top of the 9th over - 0 runs, 2 hits, 0 errors, 2 left on base; Princeton 6 - Texas (APP) 13 |
|